[Event "*** SCC Grand Prix: Titled Tuesday Blitz"]
[Site "Chess.com"]
[Date "2020.06.02"]
[Round "7"]
[White "ClassyEl"]
[Black "carlesdc96"]
[Result "0-1"]
[WhiteElo "2576"]
[BlackElo "2756"]
[TimeControl "180+1"]
[EndTime "11:20:46 PDT"]
[Termination "carlesdc96 won on time"]

1. d4 e6 2. Nf3 Nf6 3. e3 b6 4. Bd3 Bb7 5. O-O c5 6. c4 Be7 7. Nc3 cxd4 8. exd4 O-O 9. d5 exd5 10. cxd5 Bb4 11. Bg5 h6 12. Bh4 Bxc3 13. bxc3 Na6 14. Bc2 Nc5 15. Qd4 Re8 16. Rfe1 Rxe1+ 17. Rxe1 Rc8 18. h3 d6 19. Qf4 Bxd5 20. Rd1 Be6 21. Rxd6 Qe7 22. Rd1 Ncd7 23. Re1 Qc5 24. Nd4 g5 25.
Nxe6 Qxc3 26. Bxg5 Qxe1+ 27. Kh2 Qxe6 28. Bf5 Rc4 29.
Bxe6 Rxf4 30. Bxf7+ Kxf7 31. Bxf4 h5 32. f3 Kg6 33. g4 Nd5 34. Bd2 Nc5 35. Kg3 Nd3 36.
f4 hxg4 37. hxg4 b5 38. f5+ Kf7 39. g5 b4 40. Kf3 Nc5 41. Kg4 a5 42. g6+ Kg7 43.
Kg5 Ne4+ 44. Kh5 Nxd2 0-1

[Event "*** SCC Grand Prix: Titled Tuesday Blitz"]
[Site "Chess.com"]
[Date "2020.06.02"]
[Round "7"]
[White "Mikhal867"]
[Black "Jospem"]
[Result "0-1"]
[WhiteElo "2309"]
[BlackElo "2862"]
[TimeControl "180+1"]
[EndTime "11:20:46 PDT"]
[Termination "Jospem won on time"]

1. c4 c5 2. f3 d5 3. cxd5 Qxd5 4. e4 Qd8 5. Bb5+ Bd7 6. Bc4 Nc6 7. Ne2 e5 8. Nbc3 Nf6 9. d3 Be7 10. O-O O-O 11. f4 a6 12. a4 Bd6 13. f5 h6 14. h3 Nb4 15. a5 Nc6 16. Nd5 Nb4 17. Nxb4 cxb4 18. Ng3 Bc5+ 19. Kh2 Bb5 20. Nh5 Bxc4 21.
dxc4 Qxd1 22. Nxf6+ gxf6 23. Rxd1 h5 24. Bh6 Rfd8 25.
Rd5 Bd4 26. Ra4 Rxd5 27. cxd5 Bxb2 28. Rxb4 Bc3 29. Rxb7 Bxa5 30. d6 Bd8 31. d7 a5 32.
Bc1 a4 33. Ba3 Kg7 34. Kg3 Ba5 35. Kh4 Kh6 36. Bc1+ Kg7 37. Kxh5 Rg8 38. Ra7 Bb6 39. Rxa4 Rd8 40. Rb4 Bc7 41. Rb3 Rxd7 42. Rg3+ Kf8 0-1

[Event "*** SCC Grand Prix: Titled Tuesday Blitz"]
[Site "Chess.com"]
[Date "2020.06.02"]
[Round "7"]
[White "dopolian"]
[Black "yamalchess"]
[Result "1/2-1/2"]
[WhiteElo "2335"]
[BlackElo "2460"]
[TimeControl "180+1"]
[EndTime "11:20:46 PDT"]
[Termination "Game drawn by repetition"]

1. e4 e5 2. Nf3 Nc6 3. Bb5 a6 4. Ba4 Nf6 5. O-O b5 6. Bb3 Bb7 7. Re1 Bc5 8. c3 Ng4 9. d4 exd4 10. cxd4 Nxd4 11. Nxd4 Qh4 12. Be3 Qxh2+ 13. Kf1 Qh1+ 14. Ke2 Qxg2 15. Nc3 Bxe4 16. Rg1 Nxe3 17. Rxg2 Nxd1 18.
Nxe4 Bxd4 19. Rxd1 Bxb2 20. Rb1 Be5 21. f4 Bxf4 22. Rxg7 O-O-O 23. Rxf7 Rhf8 24. Rxh7 Rde8 25. Kd3 d6 26. Rf1 Kb8 27. Bf7 Be5 28. Rf2 Re7 29.
Ng5 Rh8 30. Rxh8+ Bxh8 31. Be6 Be5 32. Bd5 Ka7 33. Rf8 Kb6 34. Ne4 c6 35. Bg8 d5 36.
Ng5 Bd6 37. Ne6 Ba3 38. Rd8 a5 39. Rb8+ Ka7 40. Rd8 a4 41. Nd4 Kb6 42. Rb8+ Rb7 43. Rxb7+ Kxb7 44. Be6 Kb6 45. Bd7 c5 46. Nxb5 Bb2 47.
Nd6 c4+ 48. Nxc4+ dxc4+ 49. Kxc4 a3 50. Kb3 Kc5 51. Bf5 Kd4 52. Bb1 Kc5 53. Bh7 Kb5 54. Bb1 Kc5 55. Bh7 Kd4 56. Bb1 Kc5 1/2-1/2

[Event "*** SCC Grand Prix: Titled Tuesday Blitz"]
[Site "Chess.com"]
[Date "2020.06.02"]
[Round "7"]
[White "Trickov"]
[Black "Pomegranate988"]
[Result "1/2-1/2"]
[WhiteElo "2338"]
[BlackElo "2525"]
[TimeControl "180+1"]
[EndTime "11:20:46 PDT"]
[Termination "Game drawn by repetition"]

1. d4 Nf6 2. Nf3 g6 3. c4 Bg7 4. g3 c5 5. Bg2 Qa5+ 6. Bd2 Qb6 7. Bc3 cxd4 8. Bxd4 Qd8 9. O-O Nc6 10. Bc3 O-O 11.
Nbd2 d6 12. Rc1 a5 13. b3 Bg4 14. h3 Bf5 15. Nd4 Bd7 16. Nb5 Qc8 17. Kh2 Nb4 18.
a3 Na2 19. Rc2 Nxc3 20. Nxc3 Bc6 21. Nd5 Qd8 22. Ne4 Nxe4 23. Bxe4 Rc8 24. Bg2 e6 25.
Ne3 Bxg2 26. Kxg2 Qb6 27. Rd2 Rfd8 28. a4 Bh6 29. Rd3 Bxe3 30. Rxe3 d5 31. cxd5 Rxd5 32.
Rd3 Rcd8 33. Rxd5 Rxd5 34. Qc2 Rc5 35. Qd2 h5 36. Rd1 Qxb3 37. Qd8+ Kh7 38. Rd7 Rf5 39. Qf8 Qxa4 40. Rxf7+ Rxf7 41. Qxf7+ Kh6 42. Qf8+ Kh7 43. Qf7+ Kh6 44. Qf8+ Kh7 45. Qf7+ 1/2-1/2

[Event "*** SCC Grand Prix: Titled Tuesday Blitz"]
[Site "Chess.com"]
[Date "2020.06.02"]
[Round "7"]
[White "Walter_White_Poland"]
[Black "Vitor-Moraes"]
[Result "0-1"]
[WhiteElo "2175"]
[BlackElo "2023"]
[TimeControl "180+1"]
[EndTime "11:20:46 PDT"]
[Termination "Vitor-Moraes won by checkmate"]

1. e4 e5 2. Nf3 Nc6 3. Bb5 a6 4. Ba4 Nf6 5. O-O b5 6. Bb3 d6 7. Re1 Be7 8. c3 Na5 9. Bc2 c5 10. d4 Qc7 11. Nbd2 O-O 12. d5 h6 13. Nf1 Re8 14. Ng3 Bf8 15. Nf5 Kh7 16. a4 Bd7 17. Kh1 g6 18. Ne3 c4 19. Nd2 Nh5 20. g3 Nb7 21.
Qe2 Nc5 22. b4 cxb3 23. Nxb3 Nxb3 24. Bxb3 Qxc3 25. Ra3 b4 26. Bb2 Qc5 27. Raa1 a5 28. Rec1 Qb6 29. f3 Rac8 30. Rc2 Rxc2 31. Qxc2 Rc8 32.
Qd2 Be7 33. Kg2 Bg5 34. Re1 Qd8 35.
h4 Be7 36. Rc1 Rxc1 37. Bxc1 Qc8 38. Ng4 Bxg4 39. Qxh6+ Kg8 40. fxg4 Qxg4 41. Qe3 Bxh4 42. Bd2 Nxg3 43. Kh2 Nxe4 44. Bc2 Bg3+ 45. Kg1 Bf2+ 46.
Kf1 Bxe3 47. Bxe3 Qf3+ 48. Bf2 Qxf2# 0-1

[Event "*** SCC Grand Prix: Titled Tuesday Blitz"]
[Site "Chess.com"]
[Date "2020.06.02"]
[Round "7"]
[White "Rakesh"]
[Black "Harsha_Bharathakoti"]
[Result "1-0"]
[WhiteElo "2388"]
[BlackElo "2728"]
[TimeControl "180+1"]
[EndTime "11:20:47 PDT"]
[Termination "Rakesh won by checkmate"]

1. e4 c5 2. c3 Nf6 3. e5 Nd5 4. d4 cxd4 5. Nf3 e6 6. cxd4 d6 7. Bc4 Bd7 8. O-O Bc6 9. Bd2 Nd7 10. Nc3 Nxc3 11. Bxc3 dxe5 12. Nxe5 Nxe5 13. dxe5 Be7 14.
Qg4 O-O 15. Rfd1 Qb6 16. Rd3 Rfd8 17. Rh3 Bb5 18. Qh5 h6 19. Bb3 Rd3 20. Rxd3 Bxd3 21. Rd1 Rd8 22. h3 Bg6 23. Qf3 Rxd1+ 24. Qxd1 Bc5 25. Qf3 Bf5 26. g4 Bg6 27. h4 h5 28.
gxh5 Bf5 29. Kg2 Bd4 30. Qf4 Bxc3 31. bxc3 Qc6+ 32. Kg1 Qxc3 33. Qg3 Qe1+ 34. Kh2 Kh7 35. f3 Qe2+ 36. Kg1 Qe3+ 37. Kh2 Kh6 38. Ba4 Qe2+ 39. Kg1 Qxa2 40. Be8 Qb1+ 41. Kh2 Qc2+ 42. Kg1 Qd1+ 43. Kh2 Qd2+ 44. Kg1 Qd1+ 45. Kh2 Qd2+ 46. Kg1 a5 47. Bxf7 a4 48. Bxe6 Qc1+ 49. Kh2 Qc2+ 50. Kg1 Kh7 51. h6 gxh6 52. Qg8# 1-0

[Event "*** SCC Grand Prix: Titled Tuesday Blitz"]
[Site "Chess.com"]
[Date "2020.06.02"]
[Round "7"]
[White "AnthonyWirig"]
[Black "Semetey"]
[Result "1-0"]
[WhiteElo "2705"]
[BlackElo "2539"]
[TimeControl "180+1"]
[EndTime "11:20:47 PDT"]
[Termination "AnthonyWirig won on time"]

1. d4 Nf6 2. Bg5 d5 3. Bxf6 gxf6 4. Nc3 c5 5. e3 Nc6 6. Qh5 e6 7. O-O-O Bd7 8. f4 f5 9. Nf3 Qf6 10. Ne5 Nxe5 11. dxe5 Qg6 12. Qf3 a6 13. Kb1 Bc6 14. Qf2 O-O-O 15. Rg1 h5 16. Be2 Be7 17. Bf3 Kb8 18.
Ne2 b5 19. Nc1 Rd7 20. Nb3 Ba8 21. Qe1 Rc8 22. g3 Qh6 23. Nc1 b4 24. h3 Bb7 25.
Qe2 Ka7 26. Bxh5 Rh8 27. g4 Bf8 28. Nb3 Rc7 29. Qf2 Kb8 30. Na5 Bc8 31. Nb3 Qh7 32. Nc1 Be7 33. Qd2 a5 34. Qe2 Rb7 35. Rgf1 a4 36. Qd2 Rb6 37. Ne2 Ba6 38. Rg1 a3 39. b3 Rc6 40. Rc1 Rc7 41. Ka1 Rhc8 42. c3 fxg4 43. hxg4 Qd3 44. Qxd3 Bxd3 45. g5 Rh8 46. Bg4 Bxe2 47. Bxe2 Rh2 48. Rge1 bxc3 49. Rxc3 1-0

[Event "*** SCC Grand Prix: Titled Tuesday Blitz"]
[Site "Chess.com"]
[Date "2020.06.02"]
[Round "7"]
[White "Volodar_Murzin"]
[Black "Skatchkov_V"]
[Result "0-1"]
[WhiteElo "2695"]
[BlackElo "2558"]
[TimeControl "180+1"]
[EndTime "11:20:48 PDT"]
[Termination "Skatchkov_V won on time"]

1. e4 e5 2. Nf3 Nf6 3. Nxe5 d6 4. Nf3 Nxe4 5. Nc3 Nxc3 6. dxc3 Be7 7. Bd3 Nd7 8. Be3 O-O 9. Qe2 c6 10. O-O-O Re8 11.
Rhe1 Qa5 12. Kb1 Bf6 13. h4 Nc5 14. b4 Qa3 15. Bc1 Rxe2 16. Rxe2 Qxc1+ 17. Kxc1 Ne6 18. Kd2 Bd7 19. g3 Nc7 20. c4 a5 21. a3 axb4 22. axb4 Ra3 23. Ke3 d5 24. c5 Ne6 25.
Rb1 Bc3 26. Rb3 d4+ 27. Ke4 Ra8 28. Ke5 Rd8 29. Kd6 Be8+ 30. Ke7 Ra8 31. Ng5 Nc7 32. Bxh7+ Kh8 33. Nxf7+ Kxh7 34. Ng5+ Kg8 35. Kd6 Nb5+ 36. Ke7 Bg6 37. Kd7 Bf5+ 38. Ke7 Nc7 39. Kd6 Nb5+ 40. Ke7 Bg6 41. Re6 Bxc2 42. Kd7 Bxb3 0-1

[Event "*** SCC Grand Prix: Titled Tuesday Blitz"]
[Site "Chess.com"]
[Date "2020.06.02"]
[Round "7"]
[White "MFguimaraes"]
[Black "iaraldinho"]
[Result "1/2-1/2"]
[WhiteElo "2425"]
[BlackElo "2625"]
[TimeControl "180+1"]
[EndTime "11:20:48 PDT"]
[Termination "Game drawn by agreement"]

1. e4 c5 2. Nf3 a6 3. c3 d5 4. exd5 Qxd5 5. d4 cxd4 6. Qxd4 Nf6 7. Be3 Nc6 8. Qb6 e5 9. Nbd2 Nd7 10. Qb3 Qxb3 11.
axb3 Bc5 12. Bxc5 Nxc5 13. Nc4 O-O 14. Nb6 Rb8 15. b4 Nd7 16. Nc4 h6 17. Be2 e4 18.
Nfd2 f5 19. O-O-O Nde5 20. Nxe5 Nxe5 21. Nc4 Nc6 22. Nb6 Be6 23. Rd6 Kf7 24. Rhd1 Rfd8 25. Bc4 Bxc4 26. Nxc4 Ke7 27. Kc2 Rxd6 28. Rxd6 Ne5 29.
Rd4 Nxc4 30. Rxc4 Rd8 31. Rc5 Ke6 32. b5 axb5 33. Rxb5 Rd7 34. h4 g5 35. Rb6+ Ke5 36. Rxh6 gxh4 37. Rxh4 f4 38. Rh5+ Kf6 39. Rh8 Rg7 40.
Rf8+ Ke5 41. Re8+ Kd5 42. Rf8 Ke5 43. Re8+ Kd5 44. Rf8 Rxg2 45. Rxf4 e3 46. Kd3 exf2 47. b4 Ke5 48. Rf7 Rg3+ 49. Kd2 Rg2 50. Ke2 Rg3 51.
Rxb7 Rxc3 52. Kxf2 Rb3 53. Ke2 Kd4 54. Kd2 Kc4 55.
Kc2 Rxb4 1/2-1/2

[Event "*** SCC Grand Prix: Titled Tuesday Blitz"]
[Site "Chess.com"]
[Date "2020.06.02"]
[Round "7"]
[White "Escanor89"]
[Black "Sunnika"]
[Result "0-1"]
[WhiteElo "2544"]
[BlackElo "2411"]
[TimeControl "180+1"]
[EndTime "11:20:48 PDT"]
[Termination "Sunnika won on time"]

1. c4 c6 2. Nf3 d5 3. e3 Nf6 4.
d4 a6 5. a4 Bg4 6. Qb3 Qc7 7.
Ne5 Bf5 8. Nc3 e6 9. Be2 Nbd7 10.
Nf3 a5 11. O-O h6 12. Bd2 Bb4 13. Rac1 Qd8 14. Na2 Bxd2 15. Nxd2 Rb8 16. Nc3 O-O 17. Rfd1 Re8 18. f4 Qe7 19. Nf3 Ne4 20. Nxe4 Bxe4 21.
Nd2 Bh7 22. Qc3 Ra8 23. Bf3 Nf6 24. c5 Reb8 25. b4 axb4 26. Qxb4 b5 27. a5 Qc7 28. Ra1 Ra6 29. Ra3 Rba8 30. Rda1 Ne4 31. Bxe4 Bxe4 32. R1a2 f5 33. Qc3 g5 34. Nxe4 dxe4 35. g3 Qg7 36.
Kf1 Rd8 37. Qb3 Rd5 38. Rg2 Kh7 39. h3 g4 40. hxg4 Qxg4 41. Qc2 Qf3+ 42. Qf2 Qd1+ 43. Qe1 Qf3+ 44. Kg1 Rd8 45. Qf2 Qd1+ 46. Qe1 Qxe1+ 0-1

[Event "*** SCC Grand Prix: Titled Tuesday Blitz"]
[Site "Chess.com"]
[Date "2020.06.02"]
[Round "7"]
[White "Orest_Vovk"]
[Black "ChessicallyInclined"]
[Result "1/2-1/2"]
[WhiteElo "2390"]
[BlackElo "2518"]
[TimeControl "180+1"]
[EndTime "11:20:48 PDT"]
[Termination "Game drawn by repetition"]

1. h4 Nf6 2. h5 d5 3. d3 e5 4. h6 gxh6 5. Bxh6 Bxh6 6. Rxh6 Ng4 7. Rh5 Qf6 8. Nh3 h6 9. e4 dxe4 10. Be2 Rg8 11. Nc3 e3 12. Ne4 Qg6 13. Bxg4 Bxg4 14. Qxg4 Qxg4 15. Nf6+ Kf8 16. Nxg4 Rxg4 17. Rxe5 Rxg2 18.
Kf1 Rh2 19. Rxe3 Rh1+ 20. Ng1 Nc6 21. Rae1 Rd8 22. Kg2 Rh5 23. Nh3 Rd6 24. Re8+ Kg7 25. R1e3 Rg6+ 26. Rg3 Rxg3+ 27. fxg3 Rb5 28. b3 Nb4 29. c4 Ra5 30. Nf4 Rxa2+ 31. Kh3 Rb2 32. Nh5+ Kg6 33. g4 f5 34. Nf4+ Kf7 35. Rc8 fxg4+ 36. Kxg4 Na6 37. Kf5 Rxb3 38. Rh8 Kg7 39.
Re8 Rb6 40. Re7+ Kf8 41. Rh7 Kg8 42. Rd7 Rd6 43. Re7 Kf8 44. Rh7 b6 45. Ng6+ Kg8 46.
Re7 Nc5 47. Re8+ Kg7 48. Re7+ Kg8 49. Re8+ Kf7 50. Re7+ Kg8 1/2-1/2

[Event "*** SCC Grand Prix: Titled Tuesday Blitz"]
[Site "Chess.com"]
[Date "2020.06.02"]
[Round "7"]
[White "Igrok3069"]
[Black "Flawless_Fighter"]
[Result "1-0"]
[WhiteElo "2765"]
[BlackElo "2490"]
[TimeControl "180+1"]
[EndTime "11:20:49 PDT"]
[Termination "Igrok3069 won by resignation"]

1. d4 Nf6 2. Nf3 e6 3. c4 d5 4. Nc3 c5 5. cxd5 Nxd5 6. Nxd5 Qxd5 7. g3 cxd4 8. Qxd4 Qxd4 9. Nxd4 Bb4+ 10. Bd2 Bxd2+ 11.
Kxd2 Ke7 12. Rc1 Rd8 13. Ke3 e5 14. Nb5 Nc6 15. Bg2 Bd7 16. Rhd1 f6 17. a3 Be8 18.
Rxd8 Rxd8 19. Bxc6 bxc6 20. Nc3 Bf7 21. b4 Ra8 22. Na4 Bd5 23. Rc5 Kd6 24. Ra5 Kc7 25.
Nc3 Be6 26. f4 exf4+ 27. gxf4 Kb6 28. Na4+ Kc7 29. Kd4 Rd8+ 30. Kc3 Kb8 31. Rh5 h6 32.
e4 Rd1 33. Nc5 Bf7 34. Rh3 Rc1+ 35. Kd2 Rf1 36. Ke3 Ra1 37. Kd4 Rf1 38. f5 Rd1+ 39.
Ke3 Ra1 40. Kf4 Rf1+ 41. Rf3 Rh1 42. Rg3 Rxh2 43. Rxg7 Bc4 44. Nd7+ Kc8 45. Nxf6 Rh3 46. Rxa7 Be2 47. e5 Rf3+ 48. Ke4 Rg3 49. e6 Bd3+ 50. Kf4 Rg1 51. e7 Rf1+ 52. Ke3 1-0

[Event "*** SCC Grand Prix: Titled Tuesday Blitz"]
[Site "Chess.com"]
[Date "2020.06.02"]
[Round "7"]
[White "ZAbdumalik"]
[Black "SCIM"]
[Result "0-1"]
[WhiteElo "2642"]
[BlackElo "2512"]
[TimeControl "180+1"]
[EndTime "11:20:49 PDT"]
[Termination "SCIM won by resignation"]

1. e4 c5 2. Nf3 e6 3. d4 cxd4 4. Nxd4 Nc6 5. Nc3 Qc7 6. Be3 a6 7. Be2 Nf6 8. O-O b5 9. a3 Bb7 10. f4 Nxd4 11. Qxd4 Rc8 12. Bf3 Bc5 13. Qxc5 Qxc5 14.
Bxc5 Rxc5 15. Rad1 Rxc3 16. bxc3 Nxe4 17. Rde1 f5 18. Re3 Ke7 19. Rd1 Rc8 20. Rdd3 d5 21.
Bxe4 fxe4 22. Rd4 Rc5 23. Kf2 Kf6 24. g4 g6 25. Ke2 Bc8 26. Kd2 Bd7 27. Rh3 Kg7 28.
Rg3 Rc8 29. f5 Kf6 30. fxe6 Bxe6 31. a4 Ke5 32. axb5 axb5 33. Rb4 Rf8 34. Ke2 Bd7 35. Rb1 Rf4 36. h3 g5 37. Rf1 b4 38. Rb1 bxc3 39. Rxc3 Be6 40. Rf1 d4 41. Rc5+ Bd5 42. Ra5 d3+ 43. cxd3 exd3+ 44. Kxd3 Rxf1 45. Ra7 Rf3+ 46.
Ke2 Rxh3 0-1

[Event "*** SCC Grand Prix: Titled Tuesday Blitz"]
[Site "Chess.com"]
[Date "2020.06.02"]
[Round "7"]
[White "Arek_pacitan"]
[Black "Artem_Koval"]
[Result "1-0"]
[WhiteElo "2543"]
[BlackElo "2392"]
[TimeControl "180+1"]
[EndTime "11:20:49 PDT"]
[Termination "Arek_pacitan won on time"]

1. e4 c5 2. Nf3 d6 3. d4 cxd4 4. Nxd4 Nf6 5. Nc3 a6 6. h3 e5 7.
Nde2 b5 8. Bg5 Nbd7 9. Nd5 Bb7 10. Nec3 h6 11. Bxf6 Nxf6 12. Nxf6+ Qxf6 13. Nd5 Qd8 14. Be2 Be7 15. O-O O-O 16. a4 f5 17. axb5 axb5 18.
Rxa8 Bxa8 19. f3 Bg5 20. Bxb5 fxe4 21. fxe4 Rxf1+ 22. Bxf1 Qa5 23. b4 Qa7+ 24. Kh1 Qf2 25. Qf3 Qxc2 26. b5 Bxd5 27. exd5 e4 28. Qe2 Qc5 29. Qxe4 Qf2 30. Qe8+ Qf8 31. Qe6+ Kh8 32. Bd3 Qa8 33. g3 Qa1+ 34. Kg2 Qb2+ 35. Kf3 Qf6+ 36.
Qxf6 Bxf6 37. b6 Bd8 38. b7 Bc7 39. Ke4 Kg8 40. Kd4 Kf8 41. Kc4 Ke7 42. Kb5 Bb8 43. Kc6 g5 44. Bf5 Kd8 45. Kb5 Ke7 46. Kc4 Kf6 47. Be6 h5 48. h4 gxh4 49. gxh4 1-0

[Event "*** SCC Grand Prix: Titled Tuesday Blitz"]
[Site "Chess.com"]
[Date "2020.06.02"]
[Round "7"]
[White "ENEASZ"]
[Black "TrenerChos"]
[Result "1-0"]
[WhiteElo "2491"]
[BlackElo "2362"]
[TimeControl "180+1"]
[EndTime "11:20:49 PDT"]
[Termination "ENEASZ won on time"]

1. e4 c5 2. c3 Nf6 3. e5 Nd5 4.
d4 cxd4 5. cxd4 e6 6. Nf3 Be7 7. Bd3 Nc6 8. O-O d6 9. a3 dxe5 10.
dxe5 a5 11. Qe2 Qb6 12. Rd1 Bd7 13. Nc3 Nxc3 14. bxc3 a4 15. Rb1 Qc7 16. Qe4 Na5 17. Nd4 Bc6 18. Nxc6 Nxc6 19. Qg4 Nxe5 20. Qxg7 O-O-O 21. Bf4 Nf3+ 22. gxf3 Qxf4 23. Kf1 Rdg8 24. Qd4 Qxd4 25.
cxd4 Rd8 26. Be4 Rd7 27. Rdc1+ Kb8 28. Rc4 Rc8 29. Rxa4 Rc3 30. Ra5 Rxa3 31. Rh5 Bf6 32. Rxh7 Bxd4 33. Re1 Ra2 34. Re2 Ra1+ 35. Kg2 Ka7 36.
h4 Ra5 37. h5 Rg5+ 38. Kh3 Be5 39. Ra2+ Kb6 40. Kh4 Bf4 41. Rb2+ Kc5 42. h6 Rd1 43. Rb1 1-0

[Event "*** SCC Grand Prix: Titled Tuesday Blitz"]
[Site "Chess.com"]
[Date "2020.06.02"]
[Round "7"]
[White "Xeniya2005"]
[Black "rynos0411"]
[Result "1-0"]
[WhiteElo "2311"]
[BlackElo "2427"]
[TimeControl "180+1"]
[EndTime "11:20:49 PDT"]
[Termination "Xeniya2005 won by resignation"]

1. e4 c6 2. d4 d5 3. Nd2 dxe4 4. Nxe4 Nf6 5. Nxf6+ exf6 6. c3 Be6 7. Bd3 Bd6 8.
Ne2 Qc7 9. h3 Nd7 10. Be3 h5 11.
Qd2 h4 12. Bf4 O-O-O 13. Bxd6 Qxd6 14. b3 c5 15. O-O-O cxd4 16. Nxd4 Nc5 17. Bc2 Kb8 18. Rhe1 a6 19. Qe3 Qc7 20. Kb1 Rhe8 21. Qd2 Rd6 22. Qf4 Rdd8 23. Qxh4 Nd7 24. Re3 Ne5 25. Qg3 g5 26.
Rde1 Ka8 27. f4 gxf4 28. Qxf4 Qe7 29. g4 Nc6 30. Nxc6 bxc6 31. Qa4 Qb7 32. Kb2 Bd7 33.
Rxe8 Rxe8 34. Rxe8+ Bxe8 35. Qf4 Qe7 36. h4 a5 37. a4 f5 38. g5 f6 39. Qxf5 fxg5 40.
Qxa5+ Kb7 41. Qxg5 Qd7 42. h5 Bf7 43. h6 Bg8 44.
Qg6 Bh7 45. Qxh7 1-0

[Event "*** SCC Grand Prix: Titled Tuesday Blitz"]
[Site "Chess.com"]
[Date "2020.06.02"]
[Round "7"]
[White "mamonika"]
[Black "Klavdia_Nik"]
[Result "1-0"]
[WhiteElo "1965"]
[BlackElo "2041"]
[TimeControl "180+1"]
[EndTime "11:20:49 PDT"]
[Termination "mamonika won on time"]

1. e4 c5 2. Nf3 Nc6 3. d4 cxd4 4. Nxd4 Nf6 5. Nc3 d6 6. Be2 a6 7. O-O e6 8. Be3 Be7 9. f4 O-O 10. Qe1 Qc7 11. Qg3 b5 12. a3 Bb7 13. Rae1 Na5 14. e5 Nd5 15. Nxd5 Bxd5 16. f5 f6 17. Bh6 Bd8 18.
fxe6 dxe5 19. Nf5 g6 20. Bxf8 Kxf8 21. Ne3 Bxe6 22. Rd1 Kg7 23. Qf3 Ra7 24. Rd2 Be7 25. Rfd1 Nc4 26. Nxc4 bxc4 27. Kh1 Qb6 28. c3 Rc7 29.
Qe4 Bf5 30. Qh4 g5 31. Qh5 Bg6 32. Qf3 e4 33. Qg3 Bc5 34. Bf1 Qc6 35. Qh3 f5 36.
Rd5 Re7 37. Qg3 h6 38. Qb8 f4 39. Re5 Qf6 40. Rxe7+ Qxe7 41. Qc8 1-0

[Event "*** SCC Grand Prix: Titled Tuesday Blitz"]
[Site "Chess.com"]
[Date "2020.06.02"]
[Round "7"]
[White "Andreikka"]
[Black "Gordima"]
[Result "1/2-1/2"]
[WhiteElo "2922"]
[BlackElo "2776"]
[TimeControl "180+1"]
[EndTime "11:20:50 PDT"]
[Termination "Game drawn by repetition"]

1. c4 c5 2. Nf3 Nf6 3. Nc3 e6 4. g3 b6 5. Bg2 Bb7 6. O-O Be7 7.
d4 cxd4 8. Qxd4 O-O 9. Rd1 d6 10. Bg5 Nc6 11. Qf4 Qb8 12. Rac1 Ne5 13. b3 a6 14. Bxf6 Bxf6 15. Ne4 Be7 16. Nxe5 dxe5 17. Qe3 Qc7 18. Nc3 Bc5 19. Qd2 Rad8 20. Qc2 f5 21.
Bxb7 Qxb7 22. Rxd8 Rxd8 23. Rd1 Qc7 24. Na4 Bb4 25.
Rxd8+ Qxd8 26. Qc1 Qd6 27. Nc3 Bxc3 28. Qxc3 Qd1+ 29.
Kg2 Qxe2 30. b4 Qe4+ 31. Kg1 Qb1+ 32. Kg2 Qe4+ 33. Kg1 Qd4 34. Qc2 Qd6 35. c5 Qc6 36. Qc3 e4 37. Qe5 bxc5 38. bxc5 Kf7 39. h4 Qd5 40. Qc7+ Kg6 41. c6 Qd1+ 42. Kh2 e3 43. fxe3 Qe2+ 44. Kh3 Qf1+ 45. Kh2 Qe2+ 46. Kh1 Qe1+ 47.
Kg2 Qe2+ 48. Kh1 Qf1+ 49. Kh2 Qe2+ 1/2-1/2

[Event "*** SCC Grand Prix: Titled Tuesday Blitz"]
[Site "Chess.com"]
[Date "2020.06.02"]
[Round "7"]
[White "allvim"]
[Black "Vision_64"]
[Result "1-0"]
[WhiteElo "2302"]
[BlackElo "2142"]
[TimeControl "180+1"]
[EndTime "11:20:50 PDT"]
[Termination "allvim won by checkmate"]

1. e4 c5 2. Nf3 Nc6 3. d4 cxd4 4.
Nxd4 Nf6 5. Nc3 e5 6. Ndb5 d6 7. Bg5 a6 8. Na3 b5 9. Nd5 Be7 10.
Bxf6 Bxf6 11. c3 O-O 12. Be2 Bg5 13. Nc2 f5 14. O-O fxe4 15. a4 Rb8 16. axb5 axb5 17. Nce3 Ne7 18. Nxe7+ Qxe7 19. Nd5 Qf7 20. c4 Be6 21. b3 bxc4 22. Bxc4 Kh8 23. Ra6 Rbd8 24. Ne3 d5 25. Be2 d4 26. Nc4 Bf6 27. Bg4 Bxc4 28.
bxc4 Qxc4 29. Ra7 d3 30. Bf5 d2 31. h3 g6 32. Bxg6 hxg6 33. Kh2 Bg7 34. Qg4 Rf5 35.
Qh4+ Rh5 36. Qxd8+ Kh7 37. Rd1 Qg8 38. Qxg8+ Kxg8 39. Rxd2 Rf5 40. Rd8+ Kh7 41. Rdd7 Rxf2 42. Rxg7+ Kh6 43. h4 Kh5 44. Kh3 Rf3+ 45. gxf3 exf3 46. Rh7# 1-0

[Event "*** SCC Grand Prix: Titled Tuesday Blitz"]
[Site "Chess.com"]
[Date "2020.06.02"]
[Round "7"]
[White "levallem"]
[Black "dosto07"]
[Result "1-0"]
[WhiteElo "2196"]
[BlackElo "2070"]
[TimeControl "180+1"]
[EndTime "11:20:50 PDT"]
[Termination "levallem won by checkmate"]

1. d4 d5 2. c4 dxc4 3. Nc3 a6 4. a4 Nc6 5. Nf3 Nf6 6. e4 Bg4 7. Be3 e6 8. Bxc4 Bb4 9. Qd3 Bh5 10. O-O O-O 11. d5 Bxf3 12. gxf3 Ne5 13. Qe2 Bxc3 14. bxc3 Nxc4 15. Qxc4 exd5 16. Qb4 dxe4 17. fxe4 Qd3 18. Qxb7 Qxe4 19. Qxc7 Rac8 20. Qa5 Qg4+ 21. Kh1 Qf3+ 22.
Kg1 Rc4 23. h3 Qxh3 24. Bd4 Ng4 25. Rfd1 Qh2+ 26. Kf1 Qh1+ 27. Ke2 Qe4+ 28. Kd2 Rb8 29. Ra2 h5 30. Qg5 Rxd4+ 31. cxd4 Qxd4+ 32. Ke1 Re8+ 33. Re2 Rxe2+ 34. Kxe2 Qe4+ 35. Kf1 Qc4+ 36. Kg2 Qe4+ 37. Kg3 Qe8 38. Rd8 Qxd8 39. Qxd8+ Kh7 40. Qg5 Nf6 41.
Qf5+ Kh6 42. Qa5 Kg6 43. Qxa6 Kf5 44. Kh2 Ng4+ 45. Kg1 h4 46. Qb5+ Kf4 47. a5 f5 48.
a6 Kg5 49. a7 g6 50. a8=Q Kf4 51. Qd8 g5 52. Qd2+ Kf3 53. Qbd5# 1-0

[Event "*** SCC Grand Prix: Titled Tuesday Blitz"]
[Site "Chess.com"]
[Date "2020.06.02"]
[Round "7"]
[White "GMTalks_Youtube"]
[Black "Sanyura"]
[Result "1-0"]
[WhiteElo "2678"]
[BlackElo "2527"]
[TimeControl "180+1"]
[EndTime "11:20:51 PDT"]
[Termination "GMTalks_Youtube won by checkmate"]

1. d4 Nf6 2. c4 c5 3. d5 b5 4. Qc2 bxc4 5. e4 g6 6. Bxc4 d6 7. Nf3 Bg7 8. O-O O-O 9. Re1 a5 10. Nc3 Ba6 11. b3 Bxc4 12. bxc4 Nbd7 13. h3 a4 14. Bd2 Nb6 15. Nb5 Ne8 16. Bc3 Nc7 17. Bxg7 Kxg7 18. Na3 Nd7 19. Qc3+ Kg8 20. e5 Rb8 21.
Re2 Rb4 22. Rae1 dxe5 23. Nc2 Rb7 24. Nxe5 Nxe5 25. Rxe5 Ne8 26. Ne3 Nd6 27. Ng4 h5 28. Nh2 Rb4 29. Rxe7 Rxc4 30. Qf3 Nf5 31. R7e5 Rd4 32.
g4 Nh4 33. Qg3 hxg4 34. hxg4 Qf6 35. Qe3 Qf4 36. Qxf4 Rxf4 37. R1e3 Rd4 38. Kf1 Rd1+ 39. Ke2 Rd4 40. Nf3 Nxf3 41. Rxf3 Rd8 42. Re7 f5 43. gxf5 gxf5 44. Rxf5 R4xd5 45. Rff7 Rd2+ 46. Kf1 Rd1+ 47. Kg2 R1d5 48. Rg7+ Kf8 49. Ref7+ Ke8 50. Ra7 Re5 51. Rg8# 1-0

[Event "*** SCC Grand Prix: Titled Tuesday Blitz"]
[Site "Chess.com"]
[Date "2020.06.02"]
[Round "7"]
[White "bmt011"]
[Black "Poghosyan_Suren"]
[Result "0-1"]
[WhiteElo "2103"]
[BlackElo "2444"]
[TimeControl "180+1"]
[EndTime "11:20:51 PDT"]
[Termination "Poghosyan_Suren won by resignation"]

1. d4 Nf6 2. Bf4 c5 3. dxc5 Na6 4. Nc3 Nxc5 5. g3 g6 6. Bg2 Bg7 7. Nf3 O-O 8. O-O d6 9. Qc1 Re8 10. Rd1 a6 11. Bh6 Bh8 12. Qg5 Ng4 13. Qh4 Nxh6 14.
Qxh6 Bg7 15. Qh4 Bf5 16. Nd4 Bd7 17. Nd5 Bc6 18. c4 e6 19. Qxd8 Raxd8 20. Nb4 Bxg2 21. Kxg2 Na4 22. Rab1 Rc8 23. Nb3 Rxc4 24. a3 d5 25. Na5 Rc7 26. Nd3 b6 27. Nb3 Rc2 28. Na1 Rxe2 29. Kf3 Re4 30. Rbc1 Nxb2 31. Nxb2 Bxb2 32.
Rc6 Bxa3 33. Rxb6 a5 34. Nc2 Bc5 35. Rb5 Rc4 36. Na1 a4 37. Ra5 Rb8 38. Nc2 Rb3+ 39. Ne3 d4 40. Rxc5 Rxc5 41. Rxd4 Ra5 42. Ke2 a3 43. Nc2 a2 44. Na1 Rb1 45. Rd1 Rxd1 46. Kxd1 Rb5 47. Kc2 Rb1 48. Nb3 Rxb3 49. Kxb3 a1=Q 0-1